 Dungeon Crawl Stone Soup version 0.26.1-10-gdfb7c7de75 (webtiles) character file.

Game seed: 16110831690735479198

92 oldmanjim the Ruffian (level 4, -1/38 HPs)
             Began as a Draconian Transmuter on Mar 31, 2021.
             Slain by a quasit (2 damage)
             ... on level 2 of the Dungeon.
             The game lasted 00:10:37 (2545 turns).

oldmanjim the Ruffian (Draconian Transmuter)        Turns: 2545, Time: 00:10:38

Health: -1/38      AC:  5    Str: 13    XL:     4   Next: 35%
Magic:  6/7        EV:  2    Int: 14    God:
Gold:   102        SH:  0    Dex: -1 (11) Spells: 6/7 levels left

rFire    . . .     SeeInvis +     - Unarmed
rCold    . . .     Faith    +   (no shield)
rNeg     . . .     Spirit   .   (armour unavailable)
rPois    .         Reflect  .   (helmet currently unavailable)
rElec    .         Harm     .   t - scarf {shadows}
rCorr    .         Rampage  .   (no gloves)
Will     .....                  (boots currently unavailable)
Stlth    ..........             m - amulet of faith
HPRegen  0.12/turn              b - ring of see invisible
MPRegen  0.10/turn              (no ring)

@: appendages (expiring), hasted and slowed, lost dexterity
A: unfitting armour, horns 2, talons 2, cold-blooded, AC +5
a: End Transformation


You were on level 2 of the Dungeon.
You had grown temporary horns.
You had grown temporary talons.
You visited 1 branch of the dungeon, and saw 2 of its levels.

You collected 102 gold pieces.

Inventory:

Missiles
 d - 62 stones (quivered)
 h - 19 sling bullets
Armour
 t - a scarf of shadows (worn)
Jewellery
 b - a ring of see invisible (left hand)
 m - an amulet of faith (around neck)
 u - a cursed ring of attention {unknown}
Scrolls
 g - a scroll of enchant armour {unknown}
 n - a scroll of fear {unknown}
 o - 2 scrolls of remove curse {unknown}
 q - a scroll of fog {unknown}
 r - a scroll of random uselessness {unknown}
 s - a scroll of teleportation {unknown}
Potions
 a - a potion of haste
 c - 2 potions of lignification {unknown}
 e - a potion of brilliance {unknown}
 f - a potion of heal wounds {unknown}
 i - 2 potions of curing {unknown}
 k - a potion of degeneration {unknown}
 l - a potion of mutation {unknown}
 p - a potion of berserk rage {unknown}


   Skills:
 * Level 3.4 Fighting
 - Level 1.7 Dodging
 + Level 3.6 Unarmed Combat
 - Level 2.0 Spellcasting
 + Level 2.8 Transmutations


You had 6 spell levels left.
You knew the following spells:

 Your Spells              Type           Power        Failure   Level
a - Beastly Appendage     Tmut           8%           8%          1

Your spell library contained the following spells:

 Spells                   Type           Power        Failure   Level
 Wereblood                Tmut           4%           12%         2
 Spider Form              Tmut/Pois      1%           38%         3
 Ice Form                 Ice/Tmut       2%           80%         4
 Blade Hands              Tmut           2%           91%         5


Dungeon Overview and Level Annotations

Branches:
Dungeon (2/15)

Altars:


Innate Abilities, Weirdness & Mutations

Your plain brown scales are hard. (AC +5)
You cannot fit into any form of body armour.
You are cold-blooded and may be slowed by cold attacks.
You have a pair of horns on your head.
You have razor-sharp toenails.


Message History

Unknown command.
You barely miss the quasit.
The quasit is severely wounded.
Your transformation is almost over.
The quasit bites you but does no damage.
The quasit claws you but does no damage. x2
Unknown command.
You miss the quasit.
The quasit is severely wounded.
The quasit bites you.
* * * LOW HITPOINT WARNING * * *
The quasit claws you but does no damage. x2
Unknown command.
You closely miss the quasit. Your kick misses the quasit.
The quasit is severely wounded.
The quasit bites you but does no damage.
The quasit claws you but does no damage. x2
The quasit bites you but does no damage.
The quasit claws you.
You die...

≈......≈ ≈.≈≈..≈..≈
≈≈≈≈≈≈≈≈≈≈# ≈≈≈≈≈≈≈≈≈.#
≈≈≈≈≈≈≈≈..#######
≈≈..♣≈≈≈≈.......#
≈≈._.≈≈≈≈.......#
≈≈≈.≈≈≈≈≈.......###########
≈≈≈≈≈≈≈≈........@5lg..(....
≈≈≈≈≈≈≈≈..##########.#####
≈≈≈≈≈≈≈≈..#### #'#
≈≈≈.≈..≈≈....#.....g5......
.≈≈.≈.≈..≈...#..........(..
.#'####......#.............
.#.# #......#...l.........
.#.# #......#.............
†#.# #......#.....[.......


You could see a quasit, a goblin and a frilled lizard.

Vanquished Creatures
  2 gnolls (D:1)
  2 adders (D:2)
  An ooze (D:1)
  A worm (D:2)
  2 leopard geckos (D:1)
  2 ball pythons
  3 giant cockroaches
  A hobgoblin (D:1)
  6 jackals (D:2)
  6 kobolds
  A quokka (D:2)
  4 bats
  3 frilled lizards
  4 goblins
  8 rats
46 creatures vanquished.

Vanquished Creatures (others)
  A plant (D:2)
1 creature vanquished.

Grand Total: 47 creatures vanquished

Notes
Turn   | Place    | Note
-------+----------+-------------------------------------------
     0 | D:1      | oldmanjim the Draconian Transmuter began the quest for the
                  | Orb.
     0 | D:1      | Reached XP level 1. HP: 16/16 MP: 3/3
   333 | D:1      | Reached XP level 2. HP: 20/24 MP: 3/5
   640 | D:1      | Reached XP level 3. HP: 22/30 MP: 4/6
  1765 | D:2      | Reached XP level 4. HP: 22/38 MP: 7/7
  2389 | D:2      | Found a faded altar of an unknown god.
  2535 | D:2      | Lost dexterity.
  2544 | D:2      | HP: 1/38 [quasit (1)]
  2545 | D:2      | Slain by a quasit

Illustrated notes

Levels and vault maps discovered:
D:1:      dpeg_arrival_simpleton_c, layout_basic
D:2:      layout_basic, chequers_ecumenical_altar_island, serial_bayou_pond_a,
          kennysheep_generic_room_16

Skill      XL: |  1  2  3 |
---------------+----------+-----
Fighting       | 2 3 |  3.4
Dodging        | |  1.7
Unarmed Combat | |  3.6
Spellcasting   | |  2.0
Transmutations | |  2.8

Action                   |  1- 3 |  4- 6 || total
-------------------------+-------+-------++-------
Melee: Unarmed           |   124 |    89 ||   213
       Kick              |    12 |     1 ||    13
       Tailslap          |    17 |       ||    17
       Headbutt          |     4 |     3 ||     7
       Punch             |     1 |     1 ||     2
Throw: Javelin           |     4 |     3 ||     7
       Stone             |     1 |     7 ||     8
 Cast: Beastly Appendage |     9 |     6 ||    15
  Use: Potion            |       |     1 ||     1
Armor: Skin              |    31 |   104 ||   135
Dodge: Dodged            |    87 |   126 ||   213
